AoeStats
← xiskuni

Glade

510479864Analyzed
1v1 RM · 1d ago on Oct 1, 2026· 21m 30s· 2 players
Game mode
Random Map
Map size
Tiny (2 player)
Population
200
Speed
Normal
Resources
Standard
Victory
Conquest
Starting age
Dark Age
Ending age
Imperial Age
RankedLock teamsTeams togetherTeam positionsShared explorationLock speedFull tech treeHidden civsTurbo modeCheats
Victory
Defeat
🇪🇸 Poles · Spain
768
+15
🇦🇺 Franks · Australia
745
-21
???
12:19 Feudal Age
13:07 Double-Bit Axe
18:00 Castle Age
15:54 Gold Mining
17:13 Wheelbarrow
19:56 Forging
21:59 Scale Mail Armor
xiskuni
11:14 Feudal Age
16:39 Castle Age
Connection lost

Rejoining the realm…

Still unreachable

The connection could not be restored.

Session expired

The server has moved on; the page needs a fresh start.